 Dungeon Crawl Stone Soup version 0.28.0-53-g5a82cb258f (webtiles) character file.

Game seed: 11852935667240136697

324 SanguineChosen the Chopper (level 6, -1/53 HPs)
             Began as a Hill Orc Monk on June 27, 2022.
             Slain by an ogre
             ... wielding a +0 giant club
              (11 damage)
             ... on level 4 of the Dungeon.
             The game lasted 00:13:14 (3988 turns).

SanguineChosen the Chopper (Hill Orc Monk)          Turns: 3988, Time: 00:13:15

Health: -1/53      AC:  7    Str: 16    XL:     6   Next: 48%
Magic:  6/6        EV: 16    Int: 10    God:
Gold:   137        SH:  0    Dex: 13    Spells: 5/5 levels left

rFire   + . .      SeeInvis .   a - +0 hand axe
rCold   . . .      Faith    .   (no shield)
rNeg    . . .      Spirit   .   f - +3 leather armour {rF+}
rPois   .          Reflect  .   (no helmet)
rElec   .          Harm     .   (no cloak)
rCorr   .          Rampage  .   c - +0 pair of gloves
Will    .....                   (no boots)
Stlth   ++........              n - amulet of regeneration
HPRegen 0.97/turn               e - +4 ring of evasion
MPRegen 0.10/turn               (no ring)

@: mighty
A: no striking features
a: no special abilities


You were on level 4 of the Dungeon.
You visited 1 branch of the dungeon, and saw 4 of its levels.

You collected 137 gold pieces.

Inventory:

Hand Weapons
 a - a +0 hand axe (weapon)
Armour
 b - a +0 robe
 c - a +0 pair of gloves (worn)
 f - a +3 leather armour of fire resistance (worn)
Jewellery
 e - a +4 ring of evasion (left hand)
 n - an amulet of regeneration (around neck)
Scrolls
 g - a scroll of brand weapon {unknown}
 i - 3 scrolls of enchant armour
 k - 2 scrolls of teleportation {unknown}
 m - a scroll of vulnerability {unknown}
Potions
 d - a potion of mutation {unknown}
 h - a potion of might
 l - a potion of haste {unknown}


   Skills:
 + Level 4.7 Fighting
 + Level 6.6 Axes
 + Level 2.4 Armour
 + Level 3.3 Dodging
 + Level 2.2 Stealth


You had 5 spell levels left.
You didn't know any spells.
Your spell library contained the following spells:

 Spells                   Type           Power      Damage    Failure   Level
 Sublimation of Blood     Necr           0%         N/A       56%         2
 Wereblood                Tmut           0%         N/A       56%         2
 Summon Hydra             Summ           0%         N/A       100%        7
 Borgnjor's Revivificati  Necr           0%         N/A       100%        8
 Necromutation            Tmut/Necr      0%         N/A       100%        8
 Death's Door             Necr           0%         N/A       100%        9


Dungeon Overview and Level Annotations

Branches:
Dungeon (4/15)
 Temple: D:4-7

Altars:
Nemelex Xobeh
Xom


Message History

a +0 dagger; a kobold corpse
Found a mace.
An ogre comes into view. It is wielding a +0 giant club.
Found a stone staircase leading down.
An ogre is nearby!
An ogre is nearby!
No target in view!
No target in view!
An adder comes into view.
Found a scroll labelled KIPSEOMMARGH.
You hit the ogre.
The ogre is lightly wounded.
The ogre hits you with a +0 giant club!!
You hear an angry hiss.
You hit the ogre.
The ogre is lightly wounded.
A ball python comes into view.
You hit the ogre.
The ogre is moderately wounded.
The ogre hits you with a +0 giant club.
A ball python comes into view.
You hit the ogre.
The ogre is moderately wounded.
The ogre misses you.
You hit the ogre.
The ogre is heavily wounded.
The ogre barely misses you.
You hit the ogre.
The ogre is heavily wounded.
You hit the ogre.
The ogre is severely wounded.
The ogre hits you with a +0 giant club!!
* * * LOW HITPOINT WARNING * * *
It was a potion of might.
You feel very mighty all of a sudden. The ogre barely misses you.
You barely miss the ogre.
The ogre is severely wounded.
The ogre hits you with a +0 giant club!
You die...

....†#...)..#
.......####.#
.........##.#
#..#####.##.##
.# ..##
#.##..#####...#
.#
#.............#
.
#######.###..>
#...# ###@# #O#


SSS ..... ....... #.?...... .......... ##.......... You could see an ogre, an
adder and 2 ball pythons.

Vanquished Creatures
  An ogre (D:3)
  An iguana (D:3)
  Ijyb (D:3)
  An orc wizard (D:3)
  4 gnolls (D:2)
  3 adders
  2 worms (D:3)
  8 dart slugs
  10 orcs (D:3)
  7 ball pythons
  4 endoplasms
  A giant cockroach (D:1)
  5 hobgoblins
  3 jackals (D:3)
  3 kobolds
  2 quokkas (D:1)
  2 bats
  5 frilled lizards
  5 goblins
  4 rats
72 creatures vanquished.

Notes
Turn   | Place    | Note
-------+----------+-------------------------------------------
     0 | D:1      | SanguineChosen the Hill Orc Monk began the quest for the
                  | Orb.
     0 | D:1      | Reached XP level 1. HP: 19/19 MP: 1/1
   118 | D:1      | Reached XP level 2. HP: 15/27 MP: 2/2
   778 | D:1      | Found a faded altar of an unknown god.
  1299 | D:2      | Reached XP level 3. HP: 33/33 MP: 3/3
  1661 | D:2      | Reached skill level 1 in Armour
  1755 | D:2      | Found a shimmering altar of Xom.
  1858 | D:2      | Reached skill level 5 in Axes
  1858 | D:2      | Reached XP level 4. HP: 40/40 MP: 4/4
  2975 | D:3      | Noticed Ijyb
  3009 | D:3      | Killed Ijyb
  3010 | D:3      | Reached XP level 5. HP: 46/47 MP: 5/5
  3277 | D:3      | Reached skill level 6 in Axes
  3302 | D:3      | Noticed an ogre
  3349 | D:3      | Killed an ogre
  3350 | D:3      | Reached XP level 6. HP: 35/53 MP: 6/6
  3831 | D:3      | Found a sparkling altar of Nemelex Xobeh.
  3988 | D:4      | Slain by an ogre

Illustrated notes

Levels and vault maps discovered:
D:1:      dpeg_arrival_rooms_b, layout_basic,
          dreamdust_ecumenical_altar_angels_and_demons, minmay_cut_off
D:2:      layout_loops_corners, basic_altar
D:3:      layout_loops_ring, nemelex_diamond_rough_becter,
          minmay_misc_feat_ornament, uniq_ijyb
D:4:      layout_rooms, general_overflow_altar, minmay_temple_entry_offerings,
          gammafunk_ghost_cemetery, uniq_grinder

Skill      XL: |  1  2  3  4  5 |
---------------+----------------+-----
Fighting       | 4 |  4.7
Armour         | 1 2 |  2.4
Stealth        | 2 |  2.2
Axes           | 5 6 |  6.6
Dodging        | 3 |  3.3

Action                   |  1- 3 |  4- 6 || total
-------------------------+-------+-------++-------
Melee: Hand axe          |   115 |   216 ||   331
       Punch             |       |     1 ||     1
  Use: Potion            |       |     5 ||     5
       Scroll            |       |     1 ||     1
 Stab: Sleeping          |     6 |     2 ||     8
Armor: Leather armour    |    23 |    50 ||    73
Dodge: Dodged            |    88 |   194 ||   282
